Map: Chain of Ascension

Players

NamroodTuo

  • Race: Zerg Zerg

EvolutioN

  • Race: Protoss Protoss
  • Spawn Location: 11:00

VOD

Have the link to the VOD?

Description

Time

  • Played on: Jan. 5, 2023, 7:06 a.m.
  • Length: 21:30
Show
View Real Time Build Order
Export as new Build Order

NamroodTuo Zerg 

Build Orders:  

Get SALT Encoding   

  12  0:02  Infested SCV  
  13  0:16  Infested SCV  
  14  0:32  Infested Barracks  
  14  0:52  Infested SCV  
  14  0:58  Overlord  
  15  1:10  Overlord  
  15  1:34  Infested Marine  
  15  1:36  Infestation Level 1  
  15  1:39  Infested SCV  
  17  1:44  Overlord  
  17  1:48  Infested Marine  
  18  1:50  Infested Marine  
  19  2:16  Infested SCV  
  19  2:18  Overlord  
  19  2:19  Infested SCV, Infested Refinery  
  21  2:25  Infested SCV  
  21  2:27  Infested SCV  
  21  2:29  Infested Marine  
  24  2:33  Infested Marine  
  24  2:34  Infested Marine  
  26  2:47  Infested SCV  
  27  2:52  Infested Refinery  
  27  2:59  Infested SCV  
  27  3:20  Infested Barracks Tech Lab  
  27  3:22  Infested SCV  
  27  3:29  Infested Engineering Bay  
  26  3:58  Infested SCV x2  
  28  4:03  Infested SCV  
  26  4:19  Infested SCV  
  27  4:23  Infested Marine  
  27  4:24  Infested Marine  
  27  4:25  Infested Marine  
  30  4:39  Infested Marine x5  
  35  4:40  Infested Marine  
  36  5:28  Infested Marine  
  37  5:35  Infested Marine x4  
  37  5:36  Infested Marine  
  42  5:40  Regenerative Plating  
  42  5:42  Infestation Level 2  
  42  5:52  Infested Marine x3  
  43  6:00  Infested SCV  
  43  6:02  Overlord  
  43  6:03  Overlord  
  43  6:04  Overlord  
  43  6:05  Overlord  
  37  6:30  Infested Marine x8  
  37  6:31  Infested Marine x8  
  53  6:40  Stukov Infantry Armor Level 1  
  53  6:51  Retinal Augmentation  
  31  7:22  Infested Marine  
  31  7:23  Infested Marine x13  
  42  7:42  Broodling Gestation  
  42  7:57  Infested Marine  
  42  7:58  Infested Marine x6  
  49  8:05  Infested Marine  
  49  8:07  Infested Marine  
  51  8:12  Infested SCV  
  52  8:20  Infested Factory  
  52  8:44  Infested Bunker  
  42  9:12  Anaerobic Enhancement  
  42  9:13  Unknown, Infested Marine x2  
  42  9:14  Infested Marine  
  42  9:15  Infested SCV x2  
  42  9:16  Infested SCV x2  
  42  9:17  Overlord  
  49  9:20  Stukov Infantry Weapons Level 1  
  49  9:28  Infested Barracks  
  49  9:37  Infested Barracks  
  40  10:03  Infested Marine  
  40  10:04  Infested Marine x16  
  40  10:05  Infested Marine x3  
  61  10:30  Infested Bunker  
  61  10:32  Infested Marine x3  
  61  10:33  Infested Marine x3  
  61  10:36  Infested Barracks Tech Lab  
  67  10:50  Infested Armory  
  67  11:28  Plagued Munitions  
  56  11:41  Infested Bunker  
  56  11:47  Infested Missile Turret  
  55  12:00  Stukov Infantry Armor Level 2  
  55  12:05  Infested Missile Turret  
  49  12:15  Infested Bunker  
  53  12:30  Infested Bunker  
  53  12:49  Infested Marine  
  54  12:50  Infested Marine x6  
  54  12:51  Infested Marine x8  
  72  13:22  Infested Bunker  
  72  13:48  Infested Bunker  
  76  14:08  Infested Missile Turret  
  61  14:49  Infested Marine x4  
  65  14:50  Infested Marine x2  
  65  14:51  Infested Marine x2  
  65  14:52  Infested Marine  
  70  15:04  Infested Missile Turret  
  70  15:10  Calcified Armor  
  74  16:02  Infested Marine  
  74  16:03  Infested Marine x4  
  74  16:05  Infested Marine x2, Infested Bunker  
  81  16:10  Stukov Infantry Weapons Level 2  
  81  16:11  Infestation Level 3  
  68  17:35  Infested Marine x9  
  68  17:36  Infested Marine x10  
  86  17:45  Overlord x5  
  84  18:43  Infested Marine  
  84  18:44  Infested Marine x11  
  84  18:45  Infested Marine x3  
  99  18:55  Infested Marine  
  99  18:56  Infested Marine x6  
  106  19:12  Infested Marine x2  
  106  19:13  Infested Marine x22  
  111  19:29  Infested Marine x5  
  116  19:30  Infested Marine x9  
  125  19:47  Infested Marine x2  
  127  19:54  Overlord x3  
  127  19:55  Overlord x2  
  81  21:05  Infested Marine x5  
  81  21:06  Infested Marine x24  
  81  21:07  Infested Marine x2  
Show
View Real Time Build Order
Export as new Build Order

EvolutioN Protoss 

Build Orders:  

Get SALT Encoding   

  12  0:06  Probe (Chrono Boost)  
  13  0:20  Probe (Chrono Boost)  
  14  0:34  Probe (Chrono Boost)  
  15  0:47  Pylon  
  15  0:54  Pylon  
  15  1:02  Assimilator  
  15  1:11  Probe (Chrono Boost)  
  16  1:25  Probe (Chrono Boost)  
  17  1:36  Dark Pylon  
  17  1:39  Probe (Chrono Boost)  
  17  1:49  Gateway  
  18  1:53  Probe (Chrono Boost)  
  18  1:54  Gateway  
  19  2:00  Gateway  
  19  2:07  Probe (Chrono Boost)  
  20  2:21  Probe (Chrono Boost)  
  20  2:27  Assimilator  
  21  2:35  Probe (Chrono Boost)  
  22  2:41  Forge  
  23  2:50  Probe (Chrono Boost)  
  23  2:53  Zealot  
  25  3:03  Zealot  
  25  3:06  Zealot  
  30  3:21  Probe (Chrono Boost)  
  30  3:27  Dark Pylon  
  30  3:36  Probe (Chrono Boost), Protoss Shields Level 1  
  31  3:50  Probe (Chrono Boost)  
  31  3:58  Cybernetics Core  
  32  4:04  Probe (Chrono Boost)  
  31  4:23  Probe (Chrono Boost)  
  32  4:32  Photon Cannon  
  32  4:40  Dark Pylon  
  32  4:41  Probe (Chrono Boost)  
  32  4:43  Stalker  
  32  4:48  Stalker x2  
  39  5:16  Warp Gate  
  39  5:30  Pylon  
  39  5:45  Stargate  
  39  5:47  Twilight Council  
  39  5:58  Protoss Ground Weapons Level 1  
  33  6:16  Dark Pylon  
  31  6:28  Stalker x2  
  31  6:29  Stalker  
  37  6:59  Dark Shrine  
  37  7:06  Pylon  
  37  7:12  Gateway  
  37  7:15  Gateway  
  37  7:18  Gateway  
  37  7:56  Dark Templar  
  37  7:57  Dark Templar x2  
  43  8:14  Forge  
  43  8:15  Protoss Ground Armor Level 1  
  43  8:19  Pylon  
  43  8:51  Zealot x2  
  43  8:52  Zealot x3  
  43  8:53  Zealot  
  55  9:47  Nexus  
  55  9:53  Assimilator  
  55  9:56  Protoss Ground Weapons Level 2  
  55  9:57  Assimilator  
  55  10:02  Pylon  
  55  10:26  Stalker x2  
  55  10:28  Zealot  
  53  11:02  Dark Templar  
  53  11:03  Dark Templar  
  53  11:04  Dark Templar  
  59  11:54  Protoss Ground Armor Level 2  
  59  11:57  Probe (Chrono Boost)  
  60  12:05  Probe (Chrono Boost)  
  61  12:11  Probe (Chrono Boost)  
  61  12:13  Zealot x2  
  61  12:16  Dark Pylon  
  67  12:22  Probe (Chrono Boost)  
  67  12:25  Probe (Chrono Boost)  
  67  12:28  Protoss Ground Weapons Level 3  
  68  12:37  Dark Templar x2  
  68  12:39  Probe x2 (Chrono Boost), Dark Templar  
  76  12:53  Probe (Chrono Boost)  
  76  12:56  Probe (Chrono Boost)  
  76  13:07  Probe (Chrono Boost)  
  75  13:13  Probe (Chrono Boost)  
  74  13:57  Stalker  
  74  13:58  Stalker x2  
  74  13:59  Stalker  
  82  14:00  Stalker  
  48  15:12  Zealot x3  
  48  15:13  Zealot  
  48  15:19  Stalker x2  
  56  15:33  Dark Pylon  
  56  15:47  Stalker x2  
  56  15:48  Stalker x2  
  56  15:49  Protoss Ground Armor Level 3  
  62  15:54  Probe (Chrono Boost)  
  55  16:08  Probe (Chrono Boost)  
  56  16:22  Probe (Chrono Boost)  
  57  16:34  Stalker x2  
  57  16:35  Stalker  
  57  16:36  Stalker x2  
  57  16:37  Stalker  
  69  17:00  Dark Pylon  
  69  17:03  Protoss Shields Level 2  
  69  17:15  Stalker x2  
  69  17:16  Stalker x2  
  69  17:17  Stalker x2  
  81  17:31  Probe (Chrono Boost)  
  82  17:45  Probe (Chrono Boost)  
  83  18:11  Dark Pylon  
  83  18:19  Stalker  
  85  18:20  Stalker x2  
  85  18:21  Stalker x2  
  85  18:22  Stalker  
  95  19:31  Dark Pylon  
  95  19:34  Stalker  
  95  19:35  Stalker x2  
  95  19:36  Stalker x2  
  95  19:37  Stalker  
  97  20:29  Zealot x2  
  97  20:30  Zealot x3  
  97  20:31  Zealot  
Tags
 
Add a new tag
Caveats
  • Supply blocks, unpowered buildings, or Contaminate may cause inaccurate times.
  • Supply counts are checked every 10 seconds.